 Dungeon Crawl Stone Soup version 0.30.0-29-ga12c61a403 (webtiles) character file.

Game seed: 7385561660846868260

985525 wingedge the Worldbinder (level 27, -13/234 (238) HPs)
             Began as a Demigod Wanderer on June 14, 2023.
             Killed from afar by a shard shrike (28 damage)
             ... with a shard of ice
             ... on level 5 of Cocytus on June 16, 2023.
             The game lasted 12:24:32 (112159 turns).

wingedge the Worldbinder (Demigod Wanderer)       Turns: 112159, Time: 12:24:33

HP:   -13/234 (238) AC: 26    Str: 17 (18) XL:     27
MP:   0/57          EV: 17    Int: 59      God:
Gold: 8254          SH: 24    Dex: 16      Spells: 2/64 levels left

rFire   + . .        a - +9 double sword (heavy)
rCold   + . .        D - +5 kite shield {reflect}
rNeg    + + .        Y - +4 moon troll leather armour {Spirit, Regen++ MP+5}
rPois   +            q - +2 helmet {SInv}
rElec   +            H - +4 dragonskin cloak
rCorr   +            s - +2 pair of gloves "Umunnexu" {*Slow rN+ rCorr Dex+5}
SInv    +            n - +2 pair of boots {Fly}
Will    ++...        o - amulet of Lethrach {Reflect rElec rN+ Regen+ SH+5}
Stlth   +++++        p - ring "Xideem" {*Slow rPois rF+ rCorr Dex+3}
HPRegen 2.99/turn    r - ring "Jexumaptor" {rC+ Str+6 Int+5 Dex-4}
MPRegen 0.35/turn

%: slow self (2%), reflection, guardian spirit
@: death channelling, calling dragons, flying, studying 3 skills, lightly
drained, unable to drink
A: high MP 1, forlorn, divine attributes, thin skeletal structure 1
}: 10/15 runes: serpentine, barnacled, slimy, silver, abyssal, demonic, glowing,
magical, fiery, dark
a: no special abilities


You were on level 5 of Cocytus.
You visited 13 branches of the dungeon, and saw 60 of its levels.
You visited Pandemonium 3 times, and saw 25 of its levels.
You visited the Abyss 4 times.
You also visited: Bailey, Gauntlet, Wizlab and Desolation.

You collected 14906 gold pieces.
You spent 6652 gold pieces at shops.

Inventory:

Hand Weapons
 a - a +9 heavy double sword (weapon)
 i - the +7 falchion "Lis Dargh" {holy, Will+ Str+3 Int+3}
   (You took it off a necromancer on level 3 of the Depths)

   Str:       It affects your strength (+3).
   Int:       It affects your intelligence (+3).
   Will:      It increases your willpower.
Missiles
 u - 3 throwing nets (quivered)
Armour
 n - a +2 pair of boots of flying (worn)
 q - a +2 helmet of see invisible (worn)
 s - the +2 pair of gloves "Umunnexu" (worn) {*Slow rN+ rCorr Dex+5}
   (You found it on level 5 of the Vaults)

   Dex:       It affects your dexterity (+5).
   rN:        It protects you from negative energy.
   rCorr:     It protects you from acid and corrosion.
   *Slow:     It may slow you when you take damage.
 D - a +5 kite shield of reflection (worn)
 H - the +4 dragonskin cloak (worn)
   (You took it off Tiamat on level 2 of the Realm of Zot)

   Avatar's Aegis: It grants the wearer a chance to resist fire, cold, poison,
   electricity, acid, and negative energy.
 Y - the +4 moon troll leather armour (worn) {Spirit, Regen++ MP+5}
   (You took it off a moon troll in a wizard's laboratory)

   MP:        It affects your magic capacity (+5).
   Regen:     It increases your rate of health regeneration.
Magical Staves
 b - the staff of fire "Ugarch" {rF+ rC+ Int+5 Dex+3}
   (You found it in Pandemonium)

   [staff of fire]

   Base accuracy: +5 Base damage: 5 Base attack delay: 1.2 This weapon's minimum
   attack delay (0.6) is reached at skill level 12.
   Int:       It affects your intelligence (+5).
   Dex:       It affects your dexterity (+3).
   rF:        It protects you from fire.
   rC:        It protects you from cold.
   It falls into the 'Staves' category.
   It is a one-handed weapon.
 c - the staff of poison "Xenkeysu" {rPois rC++ Will+ rCorr Dex-2}
   (You found it on level 3 of the Elven Halls)

   [staff of poison]

   Base accuracy: +5 Base damage: 5 Base attack delay: 1.2 This weapon's minimum
   attack delay (0.6) is reached at skill level 12.
   Dex:       It affects your dexterity (-2).
   rC:        It greatly protects you from cold.
   rPois:     It protects you from poison.
   rCorr:     It protects you from acid and corrosion.
   Will:      It increases your willpower.
   It falls into the 'Staves' category.
   It is a one-handed weapon.
 w - the staff of earth "Inyaqy" {rF+ Will+++ Dex+4 Stlth-}
   (You found it on level 3 of the Elven Halls)

   [staff of earth]

   Base accuracy: +5 Base damage: 5 Base attack delay: 1.2 This weapon's minimum
   attack delay (0.6) is reached at skill level 12.
   Dex:       It affects your dexterity (+4).
   rF:        It protects you from fire.
   Will:      It greatly increases your willpower.
   Stlth:     It makes you less stealthy.
   It falls into the 'Staves' category.
   It is a one-handed weapon.
Jewellery
 f - the ring "Weoclefo" {Fly rElec rC+ Int-2 Dex+8}
   (You bought it in a shop on level 2 of the Orcish Mines)

   [ring of protection from cold]

   Int:       It affects your intelligence (-2).
   Dex:       It affects your dexterity (+8).
   rC:        It protects you from cold.
   rElec:     It insulates you from electricity.
   Fly:       It grants you flight.
 k - the ring "Oduxa" {rPois Will+ Int+6}
   (You bought it in a shop on level 1 of the Depths)

   [ring of willpower]

   Int:       It affects your intelligence (+6).
   rPois:     It protects you from poison.
   Will:      It increases your willpower.
 l - the ring of Parad {Will+++ rCorr Dex+6}
   (You took it off an imperial myrmidon in the Desolation of Salt)

   [ring of dexterity]

   Dex:       It affects your dexterity (+6).
   rCorr:     It protects you from acid and corrosion.
   Will:      It greatly increases your willpower.
 o - the amulet of Lethrach (around neck) {Reflect rElec rN+ Regen+ SH+5}
   (You took it off a ragged hierophant in the Desolation of Salt)

   [amulet of reflection]

   It reflects blocked missile attacks.
   rElec:     It insulates you from electricity.
   rN:        It protects you from negative energy.
   Regen:     It increases your rate of health regeneration.
   SH:        It affects your SH (+5).
 p - the ring "Xideem" (left hand) {*Slow rPois rF+ rCorr Dex+3}
   (You found it on level 5 of the Pits of Slime)

   [ring of protection from fire]

   Dex:       It affects your dexterity (+3).
   rF:        It protects you from fire.
   rPois:     It protects you from poison.
   rCorr:     It protects you from acid and corrosion.
   *Slow:     It may slow you when you take damage.
 r - the ring "Jexumaptor" (right hand) {rC+ Str+6 Int+5 Dex-4}
   (You found it on level 1 of the Realm of Zot)

   [ring of strength]

   Str:       It affects your strength (+6).
   Int:       It affects your intelligence (+5).
   Dex:       It affects your dexterity (-4).
   rC:        It protects you from cold.
 O - the amulet of Cuifotog {Reflect rPois rC+ SH+5}
   (You found it in a wizard's laboratory)

   [amulet of reflection]

   It reflects blocked missile attacks.
   rC:        It protects you from cold.
   rPois:     It protects you from poison.
   SH:        It affects your SH (+5).
Wands
 P - a wand of digging (23)
Scrolls
 d - 4 scrolls of brand weapon
 j - 3 scrolls of amnesia
 x - 2 scrolls of enchant armour
 E - 8 scrolls of fog
 F - 5 scrolls of enchant weapon
 G - 11 scrolls of magic mapping
 K - 10 scrolls of fear
 S - 33 scrolls of teleportation
 X - 9 scrolls of immolation
Potions
 g - 3 potions of magic
 h - 9 potions of resistance
 m - 3 potions of brilliance
 t - 9 potions of ambrosia
 v - 5 potions of berserk rage
 z - 11 potions of mutation
 A - a potion of heal wounds
 B - 4 potions of cancellation
 C - 9 potions of flight
 I - 8 potions of might
 J - 6 potions of attraction
 M - 7 potions of invisibility
 N - 27 potions of curing
 U - 2 potions of haste
Miscellaneous
 e - the horn of Geryon (inert)


   Skills:
 - Level 18.0 Fighting
 - Level 16.0 Long Blades
 - Level 6.0 Throwing
 + Level 13.8 Armour
 - Level 12.0 Dodging
 - Level 8.0 Stealth
 - Level 16.0 Shields
 - Level 19.0 Spellcasting
 - Level 16.0 Conjurations
 - Level 9.0 Hexes
 - Level 23.2 Summonings
 + Level 15.8 Necromancy
 - Level 9.0 Translocations
 - Level 16.0 Transmutations
 - Level 5.0 Fire Magic
 - Level 6.0 Ice Magic
 - Level 8.0 Air Magic
 + Level 9.1 Earth Magic
 - Level 7.0 Poison Magic
 - Level 1.0 Evocations


You had 2 spell levels left.
You knew the following spells:

 Your Spells              Type           Power      Damage    Failure   Level
a - Necromutation         Tmut/Necr      63%        N/A       3%          8
b - Manifold Assault      Tloc           100%       N/A       1%          4
c - Spellforged Servitor  Conj/Summ      68%        N/A       1%          7
d - Yara's Violent Unrav  Hex/Tmut       58%        3d22      1%          5
e - Death Channel         Necr           63%        N/A       1%          6
f - Dragon's Call         Summ           73%        N/A       2%          9
g - Infestation           Necr           63%        N/A       3%          8
h - Ozocubu's Armour      Ice            91%        N/A       1%          3
j - Iron Shot             Conj/Erth      58%        9d11      1%          6
k - Sublimation of Blood  Necr           100%       N/A       0%          2
l - Passage of Golubria   Tloc           100%       N/A       1%          4

Your spell library contained the following spells:

 Spells                   Type           Power      Damage    Failure   Level
 Apportation              Tloc           100%       N/A       0%          1
 Beastly Appendage        Tmut           100%       N/A       0%          1
 Foxfire                  Conj/Fire      100%       2x1d9     0%          1
 Magic Dart               Conj           100%       1d8       0%          1
 Necrotise                Necr           100%       1d9       0%          1
 Sandblast                Erth           100%       2d20      0%          1
 Shock                    Conj/Air       100%       1d9       0%          1
 Slow                     Hex            100%       N/A       0%          1
 Sting                    Tmut/Pois      100%       1d8       0%          1
 Summon Small Mammal      Summ           100%       N/A       0%          1
 Blink                    Tloc           100%       N/A       0%          2
 Cigotuvi's Dreadful Rot  Necr/Pois/Air  100%       N/A       0%          2
 Lesser Beckoning         Tloc           100%       N/A       0%          2
 Momentum Strike          Conj/Tloc      100%       3d10      0%          2
 Passwall                 Tmut/Erth      97%        N/A       0%          2
 Searing Ray              Conj           100%       2d8       0%          2
 Wereblood                Tmut           100%       N/A       0%          2
 Freeze                   Ice            100%       1d10      1%          1
 Poisonous Vapours        Pois/Air       100%       N/A       1%          2
 Scorch                   Fire           100%       2d9       1%          2
 Call Canine Familiar     Summ           100%       N/A       0%          3
 Dazzling Flash           Conj/Hex       100%       N/A       0%          3
 Hailstorm                Conj/Ice       100%       3d20      0%          3
 Mephitic Cloud           Conj/Pois/Air  100%       N/A       0%          3
 Spider Form              Tmut/Pois      100%       N/A       0%          3
 Stone Arrow              Conj/Erth      100%       3d13      0%          3
 Summon Guardian Golem    Hex/Summ       100%       N/A       0%          3
 Vampiric Draining        Necr           100%       2d13      0%          3
 Animate Armour           Summ/Erth      100%       N/A       0%          4
 Animate Dead             Necr           100%       N/A       0%          4
 Dispel Undead            Necr           100%       3d31      0%          4
 Summon Ice Beast         Ice/Summ       100%       N/A       0%          4
 Summon Lightning Spire   Summ/Air       100%       N/A       0%          4
 Blade Hands              Tmut           63%        N/A       0%          5
 Irradiate                Conj/Tmut      63%        3d32      0%          5
 Iskenderun's Battlesphe  Conj           100%       2d15      0%          5
 Summon Forest            Summ/Tloc      64%        N/A       0%          5
 Summon Mana Viper        Hex/Summ       100%       N/A       0%          5
 Summon Cactus Giant      Summ           73%        N/A       0%          6
 Confusing Touch          Hex            100%       N/A       1%          3
 Frozen Ramparts          Ice            100%       1d16      1%          3
 Gell's Gravitas          Tloc           100%       N/A       1%          3
 Ignite Poison            Fire/Tmut/Pois 100%       N/A       1%          3
 Inner Flame              Hex/Fire       95%        N/A       1%          3
 Portal Projectile        Hex/Tloc       100%       N/A       1%          3
 Swiftness                Air            100%       N/A       1%          3
 Teleport Other           Tloc           100%       N/A       1%          3
 Tukima's Dance           Hex            100%       N/A       1%          3
 Vhi's Electric Charge    Tloc/Air       100%       N/A       1%          3
 Volatile Blastmotes      Fire/Tloc      100%       2d18      1%          3
 Airstrike                Air            50%        2d(8-24)  1%          4
 Anguish                  Hex/Necr       58%        N/A       1%          4
 Cause Fear               Hex            52%        N/A       1%          4
 Flame Wave               Conj/Fire      100%       2d21      1%          4
 Fulminant Prism          Conj/Hex       58%        3d24      1%          4
 Ice Form                 Ice/Tmut       100%       N/A       1%          4
 Iskenderun's Mystic Bla  Conj/Tloc      100%       2d19      1%          4
 Leda's Liquefaction      Hex/Erth       52%        N/A       1%          4
 Olgreb's Toxic Radiance  Pois           95%        N/A       1%          4
 Petrify                  Tmut/Erth      100%       N/A       1%          4
 Sticky Flame             Conj/Fire      100%       2d11      1%          4
 Alistair's Intoxication  Tmut/Pois      75%        N/A       1%          5
 Arcjolt                  Conj/Air       57%        1d67      1%          5
 Borgnjor's Vile Clutch   Necr/Erth      58%        N/A       1%          5
 Fireball                 Conj/Fire      55%        3d21      1%          5
 Freezing Cloud           Conj/Ice/Air   54%        6-21      1%          5
 Lee's Rapid Deconstruct  Erth           52%        3d25*     1%          5
 Metabolic Englaciation   Hex/Ice        49%        N/A       1%          5
 Silence                  Hex/Air        51%        N/A       1%          5
 Conjure Ball Lightning   Conj/Air       57%        3x3d21    1%          6
 Dispersal                Tloc           52%        N/A       1%          6
 Eringya's Noxious Bog    Tmut/Pois      56%        N/A       1%          6
 Simulacrum               Ice/Necr       55%        N/A       1%          6
 Starburst                Conj/Fire      55%        6d15      1%          6
 Statue Form              Tmut/Erth      78%        N/A       1%          6
 Dragon Form              Tmut           63%        N/A       1%          7
 Haunt                    Necr/Summ      68%        N/A       1%          7
 Malign Gateway           Summ/Tloc      64%        N/A       1%          7
 Orb of Destruction       Conj           63%        9d15      1%          7
 Summon Hydra             Summ           73%        N/A       1%          7
 Storm Form               Tmut/Air       57%        N/A       2%          7
 Plasma Beam              Fire/Air       46%        2x1d66    3%          6
 Borgnjor's Revivificati  Necr           63%        N/A       3%          8
 Enfeeble                 Hex            52%        N/A       8%          7
 Lehudib's Crystal Spear  Conj/Erth      58%        10d14     13%         8
 Ozocubu's Refrigeration  Ice            45%        4d17      26%         7
 Death's Door             Necr           63%        N/A       47%         9
 Discord                  Hex            52%        N/A       50%         8
 Disjunction              Tloc           52%        N/A       50%         8
 Maxwell's Capacitive Co  Air            50%        ∞         65%         8
 Chain Lightning          Conj/Air       57%        3d76      95%         9
 Ignition                 Fire           43%        3d12      96%         8
 Fire Storm               Conj/Fire      55%        8d14      99%         9
 Polar Vortex             Ice            45%        N/A       100%        9
 Shatter                  Erth           52%        3d40*     100%        9


Dungeon Overview and Level Annotations

Branches:
Dungeon (15/15)            Temple (0/1) D:7            Lair (5/5) D:10
 Shoals (4/4) Lair:3        Snake (4/4) Lair:2        Slime (5/5) Lair:4
    Orc (2/2) D:12            Elf (3/3) Orc:2        Vaults (5/5) D:14
  Crypt (3/3) Vaults:3       Tomb (0/3) Crypt:3      Depths (4/4) D:15
   Hell (visited)             Dis (0/7) Hell            Geh (0/7) Hell
    Coc (5/7) Hell            Tar (0/7) Hell            Zot (4/5) Depths:4
 Bailey (visited)          WizLab (visited)         Desolation (visited)
Gauntlet (visited)

Shops:
D:3 ?   D:6 *   D:12 :   Orc:2 =?(*   Elf:2 !(?   Elf:3 ?   Snake:3 !
Depths:1 :==   Depths:4 !

Portals:
Hell: Depths:1 Depths:2 Depths:3 Depths:4
Abyss: Depths:1 Depths:3
Pandemonium: Depths:2 Depths:3
Ziggurat: Depths:3
Trove: D:13 (give 2 scrolls of acquirement)

Annotations:
Shoals:1 1 exclusion
Depths:2 4 runed translucent doors


Innate Abilities, Weirdness & Mutations

You have an increased reservoir of magic. (+10% MP)
You shall have no god before yourself.
Your divine heritage dramatically boosts your attributes as you level up.
You have a somewhat thin skeletal structure. (Dex +2, Stealth+)


Message History

The caustic shrike simulacrum closely misses you.
The Ice Fiend calls on the powers of darkness!
Your body is wracked with pain!
* * * LOW HITPOINT WARNING * * *
The titan convulses! x2
The caustic shrike simulacrum claws you.
* * * LOW HITPOINT WARNING * * *
The caustic shrike simulacrum freezes you!
You resist.
* * * LOW HITPOINT WARNING * * *
As you read the scroll of fog, it crumbles to dust.
The scroll dissolves into smoke.
A dragon tries to answer your call, but you don't have enough magical power! x2
You block the caustic shrike simulacrum's attack.
The Ice Fiend calls on the powers of darkness!
The titan convulses! x2; Your body is wracked with pain!
* * * LOW HITPOINT WARNING * * *
The Ice Fiend calls on the powers of darkness!
The titan convulses!
Your body is wracked with pain!
* * * LOW HITPOINT WARNING * * *
The titan convulses!
A dragon tries to answer your call, but you don't have enough magical power!
The caustic shrike simulacrum misses you.
The titan gestures wildly while chanting.
The titan is healed somewhat.
The caustic shrike simulacrum completely misses you.
The titan mumbles some strange words.
The titan is healed somewhat.
A dragon tries to answer your call, but you don't have enough magical power! x4
You block the caustic shrike simulacrum's attack.
The Ice Fiend calls on the powers of darkness!
Your body is wracked with pain!
* * * LOW HITPOINT WARNING * * *
You block the caustic shrike simulacrum's attack.
A dragon tries to answer your call, but you don't have enough magical power! x3
Your surroundings suddenly seem different.
A wendigo, an azure jelly and a nargun come into view.
The shard shrike spits a shard of ice at you.
The shard of ice hits you!! You partially resist.
You die...

##≈C###≈≈# ≈
##C1#W≈#### .≈
##1E≈..... #..
#1E≈.Eb≈###≈≈^
#≈CE~~~~≈≈≈≈≈~.
#≈≈≈≈≈≈EW≈≈≈≈≈≈~ #
b≈≈≈≈≈≈b~~§≈Z≈≈~
#≈≈###≈≈≈≈#≈#≈≈≈~~EE≈~
#≈≈≈≈@J≈≈~≈≈≈≈C1~#E~~~
#≈≈≈≈#.9~#≈≈≈#≈≈≈≈bb~E
#≈≈≈# ..~~~≈≈≈#≈≈≈≈≈~#
#≈≈# ..R≈~~~~≈#≈≈≈C~≈
#≈# ~Z≈≈≈~~~~#..~≈~≈
## #≈≈≈≈≈≈~~..b.~~~
≈≈≈≈≈≈≈≈.§..~≈§
≈≈≈≈≈≈≈C~..~≈≈≈
≈≈≈≈≈~bZ#1~≈≈


You could see a titan, a shard shrike (catching breath), 2 Ice Fiends, a
wendigo, an azure jelly, a nargun, a freezing wraith, 3 water elementals and a
titan simulacrum.

Vanquished Creatures
  Cerebov (Pan)
  Gloorx Vloq (Pan)
  A dread lich (Abyss:3)
  2 juggernauts
  A Killer Klown (Zot:4)
  2 shard shrikes (Coc:5)
  Geryon (Hell)
  2 golden dragons
  2 bone dragons
  3 Tzitzimimeh (Pan)
  A shard shrike skeleton (Crypt:1)
  Rupert (D:13)
  An Ice Fiend (Coc:4)
  A moon troll (WizLab)
  2 tentacled monstrosities
  2 liches
  A walking earthen tome (Depths:2)
  2 deep elf master archers (Elf:3)
  4 deep elf blademasters
  3 pandemonium lords (Pan)
  The ghost of Kyerol the Warrior, an adept TeSu of Ashenzari (Elf:3)
  3 quicksilver dragons
  4 titans
  3 Executioners (Pan)
  4 ancient champions
  3 acid blobs
  2 krakens (Shoals:4)
  Polyphemus (Shoals:3)
  An eldritch tentacle (Pan)
  6 tentacled starspawn
  A death cob (Zot:3)
  A sphinx (Depths:2)
  3 revenants
  Ilsuiw (Shoals:3)
  3 shadow dragons (Vaults:5)
  2 tengu reavers (Vaults:5)
  A storm dragon (Vaults:5)
  Donald (Shoals:3)
  2 azure jellies
  4 nagarajas
  Roxanne (Snake:1)
  A daeva (Pan)
  3 narguns
  2 demonspawn warmongers (Pan)
  An iron dragon (Depths:1)
  Louise (D:14)
  A draconian monk (Zot:2)
  5 fire giants
  12 vault wardens
  11 deep elf sorcerers
  6 frost giants
  A shard shrike simulacrum (Coc:5)
  An imperial myrmidon (Desolation)
  A draconian stormcaller (Zot:1)
  A ghost moth (Zot:4)
  3 deep elf elementalists (Elf:3)
  A balrug (Depths:1)
  7 curse skulls
  2 ghouls
  4 cacodemons
  11 ironbound preservers
  An ophan (Pan)
  3 draconian shifters
  A spriggan defender (Depths:3)
  A war gargoyle (WizLab)
  2 demonspawn blood saints (Pan)
  8 very ugly things
  2 reapers (Hell)
  14 stone giants
  A draconian annihilator (Pan)
  5 vampire knights
  An apis (Pan)
  6 ironbound thunderhulks
  11 deep elf annihilators
  Azrael (Snake:1)
  3 lorocyprocas (Pan)
  A green draconian (Zot:2)
  A minotaur (Gauntlet)
  Nessos (D:14)
  7 elemental wellsprings
  7 deep elf demonologists
  A dire elephant (Vaults:4)
  2 yellow draconians
  A red draconian (Zot:2)
  2 halazid warlocks (Desolation)
  An eidolon (Crypt:3)
  2 spark wasps (Depths:1)
  6 merfolk javelineers
  5 ettins
  11 deep elf death magi
  2 purple draconians
  2 white draconians
  2 crystal guardians
  Josephine (D:12)
  3 green deaths (Pan)
  A blizzard demon (Pan)
  2 jiangshi
  11 merfolk impalers
  19 yaktaur captains
  11 great orbs of eyes
  An entropy weaver (shapeshifter) (Elf:1)
  6 ragged hierophants (Desolation)
  2 servants of whispers (Desolation)
  10 deep elf high priests
  A shambling mangrove (Abyss:3)
  6 spriggan air magi
  A hell beast (Pan)
  4 peacekeepers
  3 salamander tyrants
  25 vault guards
  4 rakshasas
  A caustic shrike simulacrum (Coc:2)
  3 ice dragons
  8 ironbound frosthearts
  15 centaur warriors
  2 two-headed ogres
  A catoblepas (Shoals:3)
  13 anacondas
  6 merfolk aquamancers
  10 boulder beetles
  2 death knights
  3 merfolk avatars
  25 dancing weapons
  An alligator (Snake:1)
  3 satyrs
  3 alligator snapping turtles
  9 vampire magi
  7 naga warriors
  8 deep troll earth magi
  8 hell hogs
  A satyr (shapeshifter) (Vaults:5)
  5 tengu warriors (Depths:3)
  6 deep troll shamans
  A death yak (Shoals:3)
  A death scarab (Gauntlet)
  A thrashing horror (Abyss:3)
  2 spriggan berserkers
  A spectral naga (Crypt:3)
  6 shock serpents
  12 hell knights
  4 naga sharpshooters (Snake:4)
  17 deep elf knights
  4 skysharks
  17 sun demons
  A spriggan (Depths:4)
  6 sixfirhies (Pan)
  13 soul eaters
  3 iron trolls
  3 wretched stars
  A salamander mystic (Snake:1)
  2 goliath frogs
  14 sea snakes
  12 shadow wraiths
  40 deep trolls
  6 flayed ghosts
  2 shadow demons (Pan)
  10 skeletal warriors
  An orange crystal statue (WizLab)
  A spectral bunyip (Crypt:3)
  A bunyip skeleton (Abyss:2)
  16 glowing orange brains
  3 naga ritualists
  16 deep elf archers
  2 bog bodies
  4 nameless horrors
  6 lindwurms
  12 phantasmal warriors
  7 wizards
  A spriggan simulacrum (Coc:1)
  32 deep elf pyromancers
  26 ironbound convokers
  21 harpies
  6 necromancers
  5 orc knights
  A sphinx zombie (Hell)
  32 deep elf zephyrmancers
  11 manticores
  8 cyclopes
  9 salamanders
  2 frost giant zombies
  7 mana vipers
  5 shining eyes
  A worldbinder (Abyss:4)
  26 ugly things
  7 fauns
  A will-o-the-wisp (Abyss:3)
  14 large abominations
  8 moths of wrath
  3 orc sorcerers
  An iron dragon skeleton (Crypt:1)
  10 elephants
  11 guardian serpents
  An apocalypse crab (Abyss:3)
  9 vault sentinels
  9 water nymphs
  Maurice (D:13)
  3 ice statues
  A spectral centaur (Crypt:3)
  11 merfolk sirens
  3 rust devils
  A titan simulacrum (Coc:2)
  8 naga magi
  15 black mambas
  5 demonic crawlers (Pan)
  2 orange demons
  6 eyes of devastation
  An unseen horror (D:12)
  10 cane toads
  17 smoke demons
  A minotaur zombie (Crypt:1)
  A shock serpent skeleton (Crypt:2)
  4 kobold demonologists
  48 yaktaurs
  6 freezing wraiths
  5 hellions
  An efreet (Abyss:4)
  5 tormentors (Pan)
  5 ice devils
  9 komodo dragons
  2 iron giant simulacra (Coc:2)
  A human skeleton (Vaults:1)
  A tengu conjurer (Depths:1)
  A guardian mummy (Crypt:3)
  2 red devils (Pan)
  5 ancient zymes
  A polar bear (Lair:1)
  A hornet (shapeshifter) (D:15)
  4 trolls
  2 tyrant leeches
  30 merfolk
  A hornet (Depths:4)
  5 raiju
  A sea snake skeleton (Crypt:2)
  10 hellwings (Pan)
  A tengu simulacrum (Coc:1)
  2 wind drakes
  Grinder (D:5)
  A raiju (shapeshifter) (D:14)
  A blink frog (shapeshifter) (D:14)
  A dream sheep (shapeshifter) (Vaults:4)
  15 dream sheep
  An iron dragon simulacrum (Coc:4)
  Prince Ribbit (Lair:1)
  A stone giant simulacrum (Coc:1)
  24 blink frogs
  17 saltlings (Desolation)
  5 snapping turtles
  2 spriggan zombies (Hell)
  A black mamba zombie (Crypt:3)
  12 slime creatures
  10 air elementals
  4 flying skulls
  8 wraiths
  2 wyverns
  30 yaks
  9 water elementals
  A hog (Lair:5)
  A vampire (D:13)
  8 shadows
  10 neqoxecs
  16 ynoxinuls (Pan)
  19 starcursed masses
  6 golden eyes
  A spectral komodo dragon (Gauntlet)
  6 basilisks
  8 fire elementals
  5 vampire mosquitoes
  10 chaos spawn
  A redback (Vaults:4)
  3 small abominations
  A yaktaur simulacrum (Vaults:1)
  A warg (Orc:2)
  12 nagas
  A naga (shapeshifter) (Vaults:5)
  2 harpy simulacra
  2 naga zombies (Crypt:2)
  5 hell hounds
  A hydra simulacrum (Coc:2)
  5 floating eyes
  2 black bears (D:7)
  30 orc warriors
  A snapping turtle zombie (Crypt:2)
  A sky beast (D:7)
  11 ogres
  An ettin simulacrum (Coc:5)
  8 boggarts
  3 wolves (Lair:1)
  12 centaurs
  A salamander zombie (Crypt:3)
  2 kobold brigands
  A human zombie (Vaults:1)
  18 bullfrogs
  A necrophage (Crypt:1)
  8 earth elementals
  2 wights (D:10)
  A killer bee (D:9)
  8 electric eels
  A howler monkey (shapeshifter) (Elf:2)
  4 howler monkeys
  A crimson imp (D:4)
  A quasit (Abyss:2)
  A bullfrog skeleton (Crypt:2)
  2 jellies
  8 orc priests
  Crazy Yiuf (D:2)
  An iron imp (Abyss:2)
  2 hell rats
  6 iguanas
  6 orc wizards
  6 mummies (Crypt:3)
  A gnoll (D:4)
  2 adders
  A steam dragon skeleton (Crypt:2)
  A white imp (D:6)
  4 dart slugs
  54 orcs
  10 bats
  A bat zombie (Crypt:1)
  3 endoplasms
  A giant cockroach (D:4)
  6 hobgoblins
  3 jackals
  3 quokkas
  4 ball pythons
  A frilled lizard (D:11)
  4 goblins
  8 kobolds
  2 rats
  A rat skeleton (Crypt:1)
  A river rat skeleton (Crypt:3)
  A river rat zombie (Crypt:3)
  2 starspawn tentacles (WizLab)
  4 tentacles (Shoals:4)
1816 creatures vanquished.

Vanquished Creatures (collateral kills)
  the Royal Jelly (Slime:5)
  Mnoleg (Pan)
  Lom Lobon (Pan)
  An ancient lich (Abyss:3)
  2 dread liches
  Tiamat (Zot:2)
  An orb of fire (Zot:4)
  2 juggernauts (Depths:4)
  A shard shrike (Coc:5)
  Bai Suzhen (Snake:4)
  A curse toe (Zot:4)
  6 golden dragons
  Vashnia (Snake:4)
  4 bone dragons
  11 Tzitzimimeh (Pan)
  5 Brimstone Fiends (Pan)
  11 pandemonium lords (Pan)
  A hellephant (Pan)
  3 electric golems
  11 tentacled monstrosities
  7 Hell Sentinels (Pan)
  6 liches
  3 quicksilver dragons
  5 titans
  A walking divine tome (Depths:2)
  18 Executioners
  25 acid blobs
  2 sphinxes
  An ancient champion (Crypt:1)
  3 eldritch tentacles
  7 death cobs
  Kirke (Lair:5)
  4 tentacled starspawn
  8 tengu reavers
  7 storm dragons
  4 draconian monks
  10 shadow dragons
  2 revenants
  An iron dragon (Depths:1)
  3 narguns
  9 azure jellies
  5 rockslimes
  3 nagarajas (Snake:4)
  6 fire giants
  7 demonspawn warmongers (Pan)
  9 frost giants
  6 vault wardens
  3 daevas (Pan)
  A deep elf sorcerer (Abyss:3)
  3 draconian scorchers
  A ghost moth (Zot:1)
  An imperial myrmidon (Desolation)
  3 curse skulls
  A draconian shifter (Zot:2)
  4 angels (Pan)
  7 draconian stormcallers
  13 demonspawn corrupters (Pan)
  2 ghouls
  2 spriggan defenders
  10 stone giants
  11 cacodemons (Pan)
  2 draconian annihilators
  27 balrugs
  11 quicksilver oozes
  16 very ugly things
  An ophan (Pan)
  8 ironbound preservers
  7 demonspawn blood saints (Pan)
  5 war gargoyles
  8 reapers
  An apis (Pan)
  3 vampire knights
  A deep elf demonologist (Depths:3)
  4 green draconians
  An ironbound thunderhulk (Vaults:3)
  12 lorocyprocas (Pan)
  5 elemental wellsprings
  7 purple draconians
  7 black draconians
  4 white draconians
  2 deep elf annihilators (Pan)
  2 yellow draconians (Depths:4)
  12 red draconians
  3 wendigos
  2 iron golems (Hell)
  4 dire elephants
  9 demonspawn black suns (Pan)
  5 spark wasps
  2 deep elf death magi
  23 blizzard demons
  12 green deaths
  3 ettins
  3 eidola
  A crystal guardian (Desolation)
  4 fire dragons
  3 nameless horrors
  A merfolk impaler (Shoals:4)
  A merfolk javelineer (Shoals:4)
  A deep elf high priest (Vaults:5)
  2 entropy weavers
  3 hydras
  4 jiangshi
  An ogre mage (D:15)
  8 ice dragons
  A quicksilver dragon skeleton (Crypt:2)
  4 rakshasas
  A spriggan zombie (Hell)
  4 yaktaur captains
  7 great orbs of eyes
  4 caustic shrike simulacra
  3 vault guards (Vaults:5)
  2 ironbound frosthearts
  4 peacekeepers
  8 hell beasts
  A death knight (Crypt:1)
  3 boulder beetles
  5 spriggan air magi
  A satyr (Abyss:3)
  3 two-headed ogres
  A fenstrider witch skeleton (Crypt:2)
  A centaur warrior (Vaults:3)
  11 naga warriors
  2 deep troll shamans
  3 deep troll earth magi
  7 hell hogs
  3 vampire magi
  A death yak (Shoals:3)
  3 naga sharpshooters (Snake:4)
  11 tengu warriors
  4 spriggan berserkers
  59 sun demons
  6 hell knights
  37 soul eaters
  A storm dragon zombie (Hell)
  16 sixfirhies (Pan)
  A fire crab (shapeshifter) (Abyss:4)
  12 iron trolls
  2 skysharks
  3 wretched stars
  2 titan skeletons
  8 shadow wraiths
  15 skeletal warriors
  A golden dragon zombie (Hell)
  A salamander mystic (Snake:2)
  A spatial maelstrom (Abyss:4)
  5 flayed ghosts
  A spark wasp zombie (Hell)
  3 cherubim (Pan)
  17 shadow demons (Pan)
  Lodul (D:13)
  A bunyip zombie (Crypt:2)
  2 quicksilver dragon simulacra (Depths:3)
  2 sea snakes
  2 glowing orange brains (Pan)
  28 deep trolls
  7 wizards
  7 lindwurms
  2 ironbound convokers
  2 tengu zombies
  10 phantasmal warriors
  9 necromancers
  4 mana vipers
  A bunyip skeleton (Crypt:1)
  18 harpies
  A wolf spider (Vaults:5)
  A goliath frog zombie (Crypt:3)
  A deep elf pyromancer (D:14)
  A manticore (D:13)
  2 orc sorcerers (Vaults:5)
  A sphinx zombie (Hell)
  A frost giant zombie (Hell)
  A shining eye (Slime:5)
  3 fire giant zombies
  32 ugly things
  2 centaur zombies
  12 salamanders
  A sphinx skeleton (Crypt:2)
  3 worldbinders (Abyss:3)
  A spectral centaur (Crypt:3)
  6 moths of wrath
  A cyclops (D:9)
  14 black mambas
  4 guardian serpents
  An apocalypse crab (Abyss:4)
  7 elephants
  82 slime creatures
  18 cane toads
  4 molten gargoyles
  3 water nymphs
  A rust devil (Pan)
  16 orange demons (Pan)
  2 unseen horrors
  Maggie (D:6)
  6 naga magi
  A green draconian zombie (Crypt:3)
  2 eyes of devastation (Slime:4)
  4 vault sentinels
  23 hellions
  58 smoke demons
  A kobold demonologist (D:10)
  23 demonic crawlers (Pan)
  2 dire elephant skeletons
  A gargoyle (D:13)
  An alligator snapping turtle skeleton (Crypt:3)
  5 efreet
  14 freezing wraiths
  A bunyip simulacrum (Crypt:2)
  3 tengu conjurers
  11 yaktaurs
  A death yak zombie (Crypt:3)
  2 ancient zymes
  A komodo dragon (D:13)
  A golden dragon simulacrum (Coc:4)
  3 ice devils
  A rime drake (Lair:3)
  8 tormentors (Pan)
  10 red devils (Pan)
  A guardian mummy (D:13)
  2 trolls
  4 hornets
  20 hellwings (Pan)
  A troll (shapeshifter) (D:8)
  17 wind drakes
  A merfolk (Shoals:4)
  An iron dragon simulacrum (Coc:1)
  6 raiju
  A sphinx simulacrum (Vaults:4)
  15 saltlings (Desolation)
  5 blink frogs
  A harpy skeleton (Pan)
  A snapping turtle (Shoals:4)
  A hydra skeleton (Pan)
  2 ettin zombies
  A dream sheep (Shoals:4)
  A stone giant simulacrum (Coc:1)
  14 flying skulls
  7 shadows
  4 spriggans
  Sigmund (D:5)
  A dire elephant simulacrum (Coc:4)
  12 wraiths
  39 large abominations
  A naga simulacrum (Coc:1)
  4 fire bats (Pan)
  36 ynoxinuls
  6 water elementals
  A wyvern (D:7)
  An alligator snapping turtle simulacrum (Coc:2)
  14 starcursed masses
  26 yaks
  24 fire elementals
  13 chaos spawn
  4 redbacks
  2 golden eyes
  19 neqoxecs
  A hog (Lair:5)
  2 glowing shapeshifter zombies
  8 small abominations
  2 wargs
  30 nagas
  9 vampire mosquitoes
  4 harpy simulacra
  5 acid dragons
  5 water moccasins
  5 hell hounds
  A fire bat skeleton (Crypt:1)
  A swamp drake (D:12)
  An ice beast (shapeshifter) (D:13)
  An ice beast (D:6)
  5 ettin simulacra
  9 orc warriors
  A sky beast (D:6)
  A lindwurm zombie (Crypt:2)
  8 ogres
  A torpor snail zombie (Crypt:2)
  2 centaurs
  A fire crab zombie (Crypt:3)
  A kobold brigand (D:6)
  A salamander zombie (Crypt:3)
  A gnoll sergeant (D:9)
  2 earth elementals
  8 bullfrogs
  5 necrophages
  2 scorpions (D:5)
  5 wights
  A cyclops skeleton (Crypt:1)
  3 killer bees (D:9)
  3 howler monkeys
  2 vampire bats (Orc:2)
  A jelly (D:6)
  3 crimson imps (Pan)
  A quasit (Abyss:3)
  5 orc priests
  4 hounds
  A gnoll bouda (D:9)
  An iron imp (Abyss:3)
  A sleepcap (D:6)
  12 hell rats
  7 orc wizards
  6 mummies (Crypt:3)
  2 adders
  18 gnolls
  A shadow imp (D:7)
  A white imp (Abyss:3)
  4 ufetubi
  2 worms (D:2)
  A dart slug (D:2)
  36 orcs
  2 ball pythons
  4 endoplasms
  9 goblins
  A hobgoblin (D:3)
  4 jackals
  12 kobolds
  A quokka (D:5)
  3 bats
  3 frilled lizards (D:2)
  4 rats
  8 starspawn tentacles
1928 creatures vanquished.

Vanquished Creatures (others)
  Gastronok (D:9)
  24 eldritch tentacles
  A shard shrike simulacrum (Coc:4)
  3 demonspawn blood saints (Pan)
  A spark wasp (Depths:2)
  2 blizzard demons (Pan)
  A yaktaur captain (Vaults:2)
  A rakshasa (Pan)
  2 hell beasts
  2 juggernaut simulacra
  A deep troll (Depths:3)
  A wizard (Pan)
  2 apocalypse crabs
  A freezing wraith (Coc:4)
  A hydra skeleton (Crypt:1)
  2 wind drakes (Pan)
  3 saltlings (Desolation)
  A stone giant simulacrum (Coc:4)
  An air elemental (Elf:2)
  A ynoxinul (Pan)
  A dire elephant simulacrum (Coc:1)
  2 yaks (D:8)
  3 humans (Lair:5)
  2 spriggans (Bailey)
  A hydra simulacrum (Coc:1)
  A glowing shapeshifter skeleton (Depths:3)
  An orc warrior (D:9)
  2 ettin simulacra (Depths:3)
  A wight (D:7)
  2 killer bees (D:9)
  An orc priest (D:8)
  An orc (D:9)
  8 ball lightnings (Pan)
  A fire vortex (Pan)
  72 fulminant prisms
  28 starspawn tentacles
  4 tentacles (Shoals:4)
183 creatures vanquished.

Grand Total: 3927 creatures vanquished

Notes
Turn   | Place    | Note
-------+----------+-------------------------------------------
     0 | D:1      | wingedge the Demigod Wanderer began the quest for the Orb.
     0 | D:1      | wingedge set off with the following items: a +0 dagger, 7
                  | boomerangs, a potion of haste, a +0 robe; and the following
                  | spells available to memorise: Summon Small Mammal, Freeze,
                  | Call Canine Familiar, Ozocubu's Armour, Summon Lightning
                  | Spire.
     0 | D:1      | Reached XP level 1. HP: 14/14 MP: 5/5
     2 | D:1      | Learned a level 1 spell: Summon Small Mammal
     4 | D:1      | Learned a level 1 spell: Freeze
   258 | D:1      | Reached XP level 2. HP: 22/22 MP: 7/7
   292 | D:1      | Reached skill level 1 in Fighting
   292 | D:1      | Reached skill level 3 in Summonings
   649 | D:1      | Reached XP level 3. HP: 25/28 MP: 6/8
   760 | D:1      | Reached skill level 1 in Ice Magic
   764 | D:1      | Learned a level 3 spell: Call Canine Familiar
  1386 | D:2      | Reached XP level 4. HP: 25/35 MP: 5/9
  1473 | D:2      | You fall into a shaft and drop 1 floor!
  1785 | D:2      | Found a runed translucent door.
  1787 | D:2      | Noticed Crazy Yiuf
  1807 | D:2      | Killed Crazy Yiuf
  1948 | D:3      | Found Qulen's Magic Scroll Boutique.
  2291 | D:3      | Reached XP level 5. HP: 41/41 MP: 7/11
  2357 | D:3      | Learned a level 3 spell: Ozocubu's Armour
  2552 | D:4      | Identified the ring of Recklessness {rElec rC+ Will- Str+9
                  | Slay-5}
  2715 | D:4      | Reached skill level 4 in Summonings
  3146 | D:4      | Reached XP level 6. HP: 36/48 MP: 10/13
  3676 | D:5      | Entered Level 5 of the Dungeon
  3746 | D:5      | Noticed Grinder
  3754 | D:5      | Killed Grinder
  3755 | D:5      | Reached skill level 1 in Air Magic
  3755 | D:5      | Reached XP level 7. HP: 22/55 MP: 9/15
  3987 | D:5      | Noticed Sigmund
  3998 | D:5      | Killed Sigmund
  3999 | D:5      | Reached skill level 5 in Summonings
  4081 | D:5      | Learned a level 4 spell: Summon Lightning Spire
  4624 | D:6      | Reached skill level 1 in Hexes
  4628 | D:6      | Learned a level 3 spell: Summon Guardian Golem
  4720 | D:6      | Reached XP level 8. HP: 61/61 MP: 10/18
  4828 | D:6      | Noticed Maggie
  4865 | D:6      | Reached skill level 5 in Spellcasting
  4914 | D:6      | Killed Maggie
  4915 | D:6      | Reached skill level 6 in Summonings
  5332 | D:6      | Reached skill level 5 in Air Magic
  5365 | D:6      | Found Sintick's General Store.
  5851 | D:7      | Found a staircase to the Ecumenical Temple.
  6038 | D:7      | Reached skill level 1 in Armour
  6162 | D:7      | Reached XP level 9. HP: 68/68 MP: 13/20
  7377 | D:8      | Reached skill level 7 in Summonings
  8104 | D:8      | Reached skill level 5 in Ice Magic
  8551 | D:8      | Reached XP level 10. HP: 77/77 MP: 14/21
  8731 | D:9      | Noticed a cyclops
  8740 | D:9      | Killed a cyclops
  8790 | D:9      | Learned a level 2 spell: Poisonous Vapours
  8864 | D:9      | Found a flagged portal.
  8870 | Bailey   | Entered a bailey
  8990 | Bailey   | Reached skill level 1 in Conjurations
  9256 | Bailey   | Noticed a two-headed ogre
  9270 | Bailey   | Killed a two-headed ogre
  9930 | D:9      | Noticed Gastronok
  9960 | D:9      | Killed Gastronok
  9961 | D:9      | Reached skill level 8 in Summonings
 10241 | D:9      | Learned a level 5 spell: Arcjolt
 10262 | D:10     | Entered Level 10 of the Dungeon
 10283 | D:10     | Reached XP level 11. HP: 84/84 MP: 0/23
 10663 | D:6      | Bought an Everburning Encyclopedia for 504 gold pieces
 10668 | D:6      | Learned a level 3 spell: Ignite Poison
 10962 | D:10     | Reached skill level 5 in Armour
 10962 | D:10     | Reached skill level 1 in Stealth
 10962 | D:10     | Reached skill level 1 in Transmutations
 10962 | D:10     | Reached skill level 1 in Fire Magic
 10962 | D:10     | Reached skill level 1 in Poison Magic
 11157 | D:10     | Found a staircase to the Lair.
 11256 | D:10     | Noticed a two-headed ogre
 11261 | D:10     | Killed a two-headed ogre
 11467 | Lair:1   | Entered Level 1 of the Lair of Beasts
 12374 | Lair:1   | Noticed Prince Ribbit
 12398 | Lair:1   | Killed Prince Ribbit
 13118 | Lair:2   | Reached skill level 5 in Fighting
 13202 | Lair:2   | Found a staircase to the Snake Pit.
 14006 | Lair:3   | Reached XP level 12. HP: 94/94 MP: 13/26
 14105 | Lair:3   | Found a gate leading to a gauntlet.
 14197 | Gauntlet | Entered a Gauntlet
 14197 | Gauntlet | Found a transporter.
 14204 | Gauntlet | Learned a level 4 spell: Olgreb's Toxic Radiance
 14212 | Gauntlet | Found a transporter.
 14212 | Gauntlet | Found a transporter.
 14214 | Gauntlet | Found a transporter.
 14231 | Gauntlet | Found a transporter.
 14245 | Gauntlet | Found a transporter.
 14249 | Gauntlet | Noticed an entropy weaver
 14253 | Gauntlet | Found a transporter.
 14259 | Gauntlet | Noticed a cacodemon
 14275 | Gauntlet | Found a transporter.
 14292 | Gauntlet | Found a transporter.
 14301 | Gauntlet | Found a transporter.
 14303 | Gauntlet | Noticed an entropy weaver
 14334 | Gauntlet | Found a transporter.
 14337 | Gauntlet | Noticed a reaper
 14339 | Gauntlet | Found a transporter.
 14362 | Gauntlet | Found a transporter.
 14367 | Gauntlet | Found a transporter.
 14369 | Gauntlet | Noticed a catoblepas
 14375 | Gauntlet | Found a transporter.
 14396 | Gauntlet | Noticed a green death
 14398 | Gauntlet | Found a transporter.
 14403 | Gauntlet | Found a transporter.
 14453 | Gauntlet | Found a transporter.
 14635 | Gauntlet | Reached skill level 5 in Conjurations
 14832 | Gauntlet | Killed a green death
 14907 | Gauntlet | Noticed a minotaur
 14910 | Gauntlet | Killed a minotaur
 14975 | Gauntlet | Identified the +0 scale mail "Hedonneu" {rPois rF++ Str+3
                  | Stlth-}
 15986 | Lair:3   | Reached skill level 5 in Fire Magic
 16065 | Lair:3   | Learned a level 5 spell: Yara's Violent Unravelling
 16226 | Lair:3   | Found a staircase to the Shoals.
 16386 | Lair:3   | Reached skill level 5 in Poison Magic
 16695 | Lair:4   | Reached XP level 13. HP: 74/102 MP: 16/28
 17288 | Lair:4   | Found a staircase to the Slime Pits.
 17295 | Lair:4   | Reached skill level 5 in Dodging
 17354 | Lair:4   | Reached skill level 5 in Hexes
 17356 | Lair:4   | Reached skill level 5 in Transmutations
 17922 | Lair:5   | Entered Level 5 of the Lair of Beasts
 19206 | Lair:5   | Noticed Kirke
 19283 | Lair:5   | Killed Kirke
 20057 | Lair:5   | Reached XP level 14. HP: 111/111 MP: 25/31
 20316 | Lair:5   | Identified the +11 quarterstaff of Ejeokong {drain, rPois
                  | Int+3 Dex-5}
 20335 | Lair:5   | Learned a level 3 spell: Ozocubu's Armour
 20973 | D:11     | Identified the +4 dagger of Sebbyez {flame, rElec}
 21562 | D:12     | Found Olacw's Book Boutique.
 21614 | D:12     | Noticed Josephine
 21621 | D:12     | Killed Josephine
 22149 | D:12     | Found a staircase to the Orcish Mines.
 22867 | Orc:1    | Entered Level 1 of the Orcish Mines
 23061 | Orc:2    | Entered Level 2 of the Orcish Mines
 23715 | Orc:2    | Found a staircase to the Elven Halls.
 24394 | Orc:2    | Found Eliamud's Magic Scroll Emporium.
 24394 | Orc:2    | Found Poyppeso's Antique Weapon Shop.
 24396 | Orc:2    | Found Foptye's Assorted Antiques.
 24398 | Orc:2    | Found Mesamalo's Jewellery Shoppe.
 24402 | Orc:2    | Bought a scroll of blinking for 90 gold pieces
 24402 | Orc:2    | Bought a scroll of summoning for 114 gold pieces
 24410 | Orc:2    | Bought the ring "Weoclefo" {Fly rElec rC+ Int-2 Dex+8} for
                  | 805 gold pieces
 24791 | Orc:1    | You are sucked into a shaft and drop 1 floor!
 25189 | D:13     | Noticed Lodul
 25194 | D:13     | Killed Lodul
 25339 | D:13     | Noticed Rupert
 25339 | D:13     | Paralysed by Rupert for 2 turns
 25349 | D:13     | Paralysed by Rupert for 4 turns
 25353 | D:13     | Killed Rupert
 26186 | D:13     | Noticed Maurice
 26190 | D:13     | Killed Maurice
 26562 | D:13     | Found a portal to a secret trove of treasure.
 27054 | D:14     | Found a gate to the Vaults.
 27432 | D:14     | Noticed Nessos
 27439 | D:14     | Killed Nessos
 27440 | D:14     | Reached XP level 15. HP: 115/121 MP: 18/33
 27590 | D:14     | Noticed Louise
 27601 | D:14     | Killed Louise
 28483 | D:15     | Entered Level 15 of the Dungeon
 28805 | D:15     | Identified the +7 rapier "Yrhame" {heavy, Will+}
 29044 | D:15     | Learned a level 4 spell: Fulminant Prism
 29425 | D:15     | Found a staircase to the Depths.
 29715 | Shoals:1 | Entered Level 1 of the Shoals
 30644 | Shoals:1 | Reached skill level 10 in Dodging
 31305 | Shoals:2 | Reached skill level 10 in Spellcasting
 33013 | Shoals:3 | Reached skill level 10 in Conjurations
 33186 | Shoals:3 | Noticed Polyphemus
 33499 | Shoals:3 | Noticed Ilsuiw
 33937 | Orc:2    | Bought a ring of see invisible for 225 gold pieces
 34328 | Shoals:3 | Reached XP level 16. HP: 126/132 MP: 19/35
 34575 | Shoals:3 | Killed Ilsuiw
 34764 | Shoals:3 | Noticed Donald
 34767 | Shoals:3 | Killed Donald
 34913 | Shoals:3 | Killed Polyphemus
 35233 | Shoals:3 | Reached skill level 1 in Shields
 35642 | Shoals:4 | Entered Level 4 of the Shoals
 35984 | Shoals:4 | Identified the +8 shortbow "Loopy" {heavy, rElec rF- rCorr}
 37004 | Shoals:4 | Reached skill level 10 in Fighting
 37225 | Shoals:4 | HP: 2/134 [harpy (8)]
 38342 | Shoals:4 | Got a barnacled rune of Zot
 38751 | Shoals:4 | Noticed a kraken
 38756 | Shoals:4 | Killed a kraken
 39590 | Shoals:4 | Noticed a kraken
 39598 | Shoals:4 | Killed a kraken
 40040 | Orc:2    | Bought the ring "Eddey" {rPois Will+ Dex+3} for 637 gold
                  | pieces
 40217 | Lair:2   | Learned a level 4 spell: Cause Fear
 40561 | Snake:1  | Entered Level 1 of the Snake Pit
 40903 | Snake:1  | Identified Roxanne's Vellum of Alteration
 40903 | Snake:1  | Noticed Roxanne
 41026 | Snake:1  | Noticed Azrael
 41033 | Snake:1  | Killed Azrael
 41223 | Snake:1  | Identified the +3 trident of the Endless March {holy, rN+}
 41231 | Snake:1  | Got the Tome of Contamination and Ice
 41361 | Snake:1  | Reached XP level 17. HP: 78/143 MP: 19/37
 41576 | Snake:1  | Reached skill level 5 in Shields
 41662 | Snake:1  | Reached skill level 1 in Long Blades
 43014 | Snake:1  | Killed Roxanne
 44692 | Snake:3  | Found Loroig's Distillery.
 44712 | Snake:3  | Bought a potion of invisibility for 120 gold pieces
 44712 | Snake:3  | Bought a potion of heal wounds for 75 gold pieces
 44712 | Snake:3  | Bought a potion of haste for 150 gold pieces
 44712 | Snake:3  | Bought a potion of heal wounds for 75 gold pieces
 45505 | Snake:4  | Entered Level 4 of the Snake Pit
 45534 | Snake:4  | Noticed Vashnia
 45554 | Snake:4  | Killed Vashnia
 46224 | Snake:4  | Noticed Bai Suzhen
 46250 | Snake:4  | Killed Bai Suzhen
 46810 | Snake:4  | Reached skill level 5 in Stealth
 46893 | Snake:4  | Learned a level 7 spell: Orb of Destruction
 47446 | Snake:4  | Reached skill level 5 in Long Blades
 47553 | Snake:4  | Reached XP level 18. HP: 109/154 MP: 12/39
 47966 | Snake:4  | HP: 3/154 [nagaraja/+0 whip (15)]
 48402 | Snake:4  | Got a serpentine rune of Zot
 48852 | Elf:1    | Entered Level 1 of the Elven Halls
 49054 | Elf:1    | Found a frozen archway.
 49164 | Elf:1    | Found a magical portal.
 49169 | WizLab   | Entered Lehudib's Moon Base
 50450 | WizLab   | Identified the amulet of Cuifotog {Reflect rPois rC+ SH+5}
 50735 | WizLab   | Found a transporter.
 51606 | WizLab   | Found a transporter.
 51606 | WizLab   | Found the +8 Wrath of Trog {antimagic, *Rage Rampage}
 51982 | WizLab   | Identified the amulet "Yhimukk" {Spirit Rampage rN++ Will-}
 54390 | Elf:2    | Reached skill level 9 in Summonings
 54427 | Elf:2    | Reached XP level 19. HP: 160/160 MP: 38/41
 54456 | Elf:2    | Found a runed translucent gate.
 54456 | Elf:2    | Found a runed translucent gate.
 54456 | Elf:2    | Found a runed translucent gate.
 54649 | Elf:2    | Found Domus's Magic Scroll Shoppe.
 54674 | Elf:2    | Found Vubisios's Weapon Emporium.
 54675 | Elf:2    | Found Kulim's Distillery.
 54682 | Elf:2    | Bought a potion of brilliance for 64 gold pieces
 54682 | Elf:2    | Bought a potion of magic for 128 gold pieces
 54682 | Elf:2    | Bought a potion of magic for 128 gold pieces
 54682 | Elf:2    | Bought a potion of heal wounds for 80 gold pieces
 54682 | Elf:2    | Bought a potion of haste for 160 gold pieces
 54682 | Elf:2    | Bought a potion of magic for 128 gold pieces
 54697 | Elf:2    | Paralysed by an air elemental for 1 turns
 55692 | Elf:2    | Reached skill level 15 in Conjurations
 56545 | Elf:3    | Entered Level 3 of the Elven Halls
 56556 | Elf:3    | Paralysed by an air elemental for 1 turns
 56791 | Elf:3    | Reached skill level 10 in Summonings
 57312 | Elf:3    | Found a runed translucent door.
 57312 | Elf:3    | Noticed Kyerol's ghost (adept TeSu)
 57580 | Elf:3    | Identified the +8 halberd of Caustic Courage {venom, rN+
                  | Dex+3}
 57715 | Elf:3    | Identified the +0 rapier of Vony {speed, rF+}
 57920 | Elf:3    | Reached skill level 11 in Summonings
 58176 | Elf:3    | Killed Kyerol's ghost
 58479 | Elf:3    | Identified the +1 chain mail "Javaxang" {*Slow Will+ Dex+6}
 58480 | Elf:3    | Identified the staff of earth "Inyaqy" {rF+ Will+++ Dex+4
                  | Stlth-}
 58521 | Elf:3    | Identified the +3 shortbow "Suxtubbo" {flame, rElec rF++
                  | Will- rCorr}
 58529 | Elf:3    | Identified the staff of poison "Xenkeysu" {rPois rC++ Will+
                  | rCorr Dex-2}
 58718 | Elf:3    | Learned a level 7 spell: Spellforged Servitor
 59131 | Elf:3    | Found Osmyn's Magic Scroll Boutique.
 59134 | Elf:3    | Bought a scroll of summoning for 171 gold pieces
 59134 | Elf:3    | Bought a scroll of brand weapon for 171 gold pieces
 59134 | Elf:3    | Bought a scroll of magic mapping for 135 gold pieces
 59310 | Orc:2    | Bought a scroll of enchant weapon for 90 gold pieces
 59310 | Orc:2    | Bought a scroll of enchant weapon for 90 gold pieces
 59470 | Vaults:1 | Entered Level 1 of the Vaults
 59836 | Vaults:1 | Reached XP level 20. HP: 168/168 MP: 42/42
 60482 | Vaults:1 | Reached skill level 12 in Summonings
 60835 | Vaults:1 | Reached XP level 21. HP: 176/176 MP: 19/43
 62989 | Vaults:2 | Reached skill level 10 in Shields
 63425 | Vaults:2 | Identified the +4 ring mail of Pandemonium {+Inv}
 63781 | Vaults:3 | Reached skill level 13 in Summonings
 64985 | Vaults:3 | Found a staircase to the Crypt.
 65414 | Vaults:3 | Identified the +1 plate armour "Nategiri" {Harm Slay+3}
 66168 | Vaults:4 | Found a crumbling gateway.
 66237 | Desolati | Entered the Desolation of Salt
 66447 | Desolati | Reached skill level 14 in Summonings
 66644 | Desolati | Identified the ring of Parad {Will+++ rCorr Dex+6}
 66806 | Desolati | Identified the amulet of Lethrach {Reflect rElec rN+ Regen+
                  | SH+5}
 66866 | Desolati | Found the +10 Black Knight's barding {ponderous, rPois rN+}
 66982 | Desolati | Identified the +3 scale mail of the Pleiades {Str+3}
 67020 | Desolati | Reached XP level 22. HP: 177/177 MP: 29/44
 67404 | Desolati | Reached skill level 10 in Long Blades
 67634 | Desolati | Identified the orb of Ludatel {*channel, rElec rF+}
 67641 | Desolati | Identified the +3 ring mail "Nyesan" {Drain rElec rC-
                  | Int+6}
 68536 | Vaults:4 | Identified a scroll of acquirement
 69164 | Vaults:4 | Reached skill level 15 in Summonings
 69567 | Vaults:4 | Got the Information on Airy Execration
 69603 | Vaults:4 | Acquired 685 gold pieces
 69608 | Vaults:5 | Entered Level 5 of the Vaults
 69677 | Vaults:5 | Reached skill level 16 in Summonings
 70489 | Vaults:5 | Reached skill level 17 in Summonings
 70659 | Vaults:5 | Noticed a dread lich
 70673 | Vaults:5 | Killed a dread lich
 70767 | Vaults:5 | Identified the staff of earth "Enlaplam" {rPois Will+
                  | rCorr}
 71660 | Vaults:5 | Identified the +6 arbalest "Giantbane" {penet, Str+6}
 71676 | Vaults:5 | Reached XP level 23. HP: 156/195 MP: 6/46
 72074 | Vaults:5 | Identified the +2 pair of gloves "Umunnexu" {*Slow rN+
                  | rCorr Dex+5}
 72280 | Vaults:5 | Identified the +0 war axe of the Unliving {holy, *Corrode
                  | rF++}
 72761 | Vaults:5 | Identified the +8 dire flail of the Dozen Ultimatums
                  | {speed, Str+4}
 73323 | Vaults:5 | Got a silver rune of Zot
 73331 | Vaults:5 | Learned a level 2 spell: Sublimation of Blood
 73802 | Depths:1 | Entered Level 1 of the Depths
 73815 | Depths:1 | Reached skill level 1 in Necromancy
 74012 | Depths:1 | Found a one-way gate to the infinite horrors of the Abyss.
 74548 | Depths:1 | Found Gaw Burr's Jewellery Boutique.
 74549 | Depths:1 | Found Xatiq's Book Emporium.
 74550 | Depths:1 | Found Ecliy's Jewellery Boutique.
 74560 | Depths:1 | Bought the ring "Oduxa" {rPois Will+ Int+6} for 780 gold
                  | pieces
 74830 | Depths:1 | Found a gateway to Hell.
 75113 | Crypt:1  | Entered Level 1 of the Crypt
 75498 | Crypt:1  | Acquired the Vellum of Evolving Hexing
 75742 | Crypt:1  | Learned a level 7 spell: Summon Hydra
 76581 | Crypt:2  | Reached skill level 15 in Fighting
 76585 | Crypt:2  | Reached skill level 5 in Necromancy
 76592 | Crypt:2  | Reached skill level 18 in Summonings
 77604 | Crypt:2  | Acquired the Catalogue of the Star-crossed Escort
 77771 | Crypt:2  | Reached skill level 1 in Translocations
 78581 | Crypt:3  | Entered Level 3 of the Crypt
 79436 | Crypt:3  | Got Budgh's Treatise on Darkness
 79456 | Crypt:3  | Identified the +5 sling of Hatred {flame, rPois Str+5
                  | Stlth-}
 79457 | Crypt:3  | Identified the +5 shortbow "Duse" {freeze, *Corrode rPois
                  | rN+ Dex+9}
 79736 | Crypt:3  | Reached XP level 24. HP: 206/206 MP: 23/47
 80049 | Crypt:3  | Identified the +2 ring mail "Fusu" {rElec rPois rC- rN++}
 80460 | Crypt:3  | Reached skill level 19 in Summonings
 81104 | Crypt:3  | Found a staircase to the Tomb.
 81406 | Crypt:3  | Learned a level 7 spell: Malign Gateway
 81739 | Depths:1 | Reached skill level 5 in Translocations
 82126 | Depths:2 | Found a one-way gate leading to the halls of Pandemonium.
 82545 | Depths:2 | You are sucked into a shaft and drop 1 floor!
 82545 | Depths:3 | Noticed a juggernaut
 83214 | Depths:2 | Found a runed translucent door.
 83217 | Depths:2 | Found a runed translucent door.
 84167 | Depths:2 | Found a runed translucent door.
 84168 | Depths:2 | Found a runed translucent door.
 84325 | Depths:2 | Acquired a book of Annihilations
 84340 | Depths:2 | Got Lommub's Elucidation of the Beguiling Throng
 84344 | Depths:2 | Identified the staff of fire "Fyntec" {rElec rF+ rC+}
 84649 | Depths:3 | Reached skill level 15 in Spellcasting
 85098 | Depths:3 | Killed a juggernaut
 85387 | Depths:3 | Reached skill level 20 in Summonings
 85487 | Depths:3 | Learned a level 2 spell: Blink
 86000 | Depths:3 | Identified the +7 falchion "Lis Dargh" {holy, Will+ Str+3
                  | Int+3}
 86345 | Depths:3 | Reached XP level 25. HP: 213/213 MP: 26/49
 86622 | Depths:3 | Found a one-way gateway to a ziggurat.
 86918 | Depths:4 | Entered Level 4 of the Depths
 86933 | Depths:4 | Found Mum Epy's Distillery.
 86938 | Depths:4 | Bought a potion of magic for 128 gold pieces
 86938 | Depths:4 | Bought a potion of heal wounds for 80 gold pieces
 86938 | Depths:4 | Bought a potion of brilliance for 64 gold pieces
 86960 | Depths:4 | Noticed a juggernaut
 86967 | Depths:4 | Killed a juggernaut
 87306 | Depths:4 | Reached skill level 21 in Summonings
 87899 | Depths:4 | Found a gate to the Realm of Zot.
 88240 | Depths:4 | Noticed a juggernaut
 88247 | Depths:4 | Killed a juggernaut
 88354 | Depths:4 | Identified the +9 sling of Welfare {flame, rCorr Int+3}
 88404 | Depths:4 | Noticed a juggernaut
 88417 | Depths:4 | Killed a juggernaut
 88598 | Depths:4 | Learned a level 9 spell: Dragon's Call
 88690 | Depths:3 | Voluntarily entered the Abyss.
 88992 | Depths:3 | Escaped the Abyss
 89006 | Depths:3 | Voluntarily entered the Abyss.
 89072 | Abyss:3  | Noticed an ancient lich
 89080 | Abyss:3  | Killed an ancient lich
 89221 | Abyss:3  | Reached skill level 22 in Summonings
 89348 | Abyss:3  | Noticed a dread lich
 89361 | Abyss:3  | Killed a dread lich
 89378 | Abyss:3  | Gained mutation: You are clumsy. (Dex -2) [a cacodemon]
 89393 | Depths:3 | Escaped the Abyss
 89468 | Depths:3 | Voluntarily entered the Abyss.
 89633 | Abyss:3  | Got an abyssal rune of Zot
 89648 | Depths:3 | Escaped the Abyss
 89950 | Slime:1  | Entered Level 1 of the Pits of Slime
 90149 | Slime:1  | Gained mutation: You are dopey. (Int -2) [a shining eye]
 90170 | Slime:1  | Gained mutation: You are vulnerable to heat. (rF-) [a
                  | shining eye]
 90175 | Slime:1  | Lost mutation: You are clumsy. (Dex -2) [potion of
                  | mutation]
 90175 | Slime:1  | Lost mutation: You are vulnerable to heat. (rF-) [potion of
                  | mutation]
 90175 | Slime:1  | Lost mutation: You are dopey. (Int -2) [potion of mutation]
 90175 | Slime:1  | Gained mutation: Your spells are a little harder to cast,
                  | but a little more powerful. [potion of mutation]
 90175 | Slime:1  | Gained mutation: Your mind is acute. (Int +4, Str/Dex -1)
                  | [potion of mutation]
 90185 | Slime:1  | Learned a level 6 spell: Death Channel
 90495 | Slime:4  | Gained mutation: You are frail. (-10% HP) [a shining eye]
 90613 | Slime:5  | Entered Level 5 of the Pits of Slime
 90656 | Slime:5  | Reached skill level 15 in Shields
 90691 | Slime:5  | Noticed the Royal Jelly
 90717 | Slime:5  | Killed the Royal Jelly
 90755 | Slime:5  | Found the brooch of Shielding {Spirit SH+8}
 90755 | Slime:5  | Found the +13 scythe of Curses {drain, curses, Drain}
 90766 | Slime:5  | Got Kootidadaa's Parchment of Bruises
 90818 | Slime:5  | Got a slimy rune of Zot
 90842 | Slime:5  | Identified the ring "Xideem" {*Slow rPois rF+ rCorr Dex+3}
 90887 | Slime:5  | Identified the staff of cold "Onaczugyum" {rPois rC+ SInv}
 91313 | Zot:1    | Entered Level 1 of the Realm of Zot
 91330 | Zot:1    | Reached XP level 26. HP: 173/199 MP: 33/49
 91603 | Zot:1    | Identified the ring "Jexumaptor" {rC+ Str+6 Int+5 Dex-4}
 92799 | Zot:2    | You are sucked into a shaft and drop 2 floors!
 93777 | Zot:2    | Found the +4 dragonskin cloak
 93777 | Zot:2    | Noticed Tiamat
 93808 | Zot:2    | Killed Tiamat
 93809 | Zot:2    | Reached skill level 23 in Summonings
 93935 | Zot:2    | Lost mutation: Your mind is acute. (Int +4, Str/Dex -1)
                  | [potion of mutation]
 93935 | Zot:2    | Lost mutation: Your spells are a little harder to cast, but
                  | a little more powerful. [potion of mutation]
 93935 | Zot:2    | Lost mutation: You are frail. (-10% HP) [potion of
                  | mutation]
 93935 | Zot:2    | Gained mutation: You are vulnerable to cold. (rC-) [potion
                  | of mutation]
 93935 | Zot:2    | Gained mutation: You have hidden genetic defects. [potion
                  | of mutation]
 93935 | Zot:2    | Gained mutation: You expend magic power (3 MP) to
                  | strengthen your wands. [potion of mutation]
 93935 | Zot:2    | Gained mutation: Your spells are a little harder to cast,
                  | but a little more powerful. [potion of mutation]
 93936 | Zot:2    | Lost mutation: You have hidden genetic defects. [potion of
                  | mutation]
 93936 | Zot:2    | Lost mutation: You expend magic power (3 MP) to strengthen
                  | your wands. [potion of mutation]
 93936 | Zot:2    | Gained mutation: You are occasionally teleported next to
                  | monsters. [potion of mutation]
 93936 | Zot:2    | Gained mutation: You are weak. (Str -2) [potion of
                  | mutation]
 93936 | Zot:2    | Gained mutation: You have a considerably increased
                  | reservoir of magic. (+20% MP) [potion of mutation]
 93937 | Zot:2    | Lost mutation: You are occasionally teleported next to
                  | monsters. [potion of mutation]
 93937 | Zot:2    | Lost mutation: You are vulnerable to cold. (rC-) [potion of
                  | mutation]
 93937 | Zot:2    | Gained mutation: Your mind is acute. (Int +4, Str/Dex -1)
                  | [potion of mutation]
 94442 | Zot:2    | Noticed a dread lich
 94449 | Zot:2    | Killed a dread lich
 94474 | Zot:2    | Got the Tome of the Collective Gift
 94528 | Zot:2    | Got Kikubaaqudgha's Atlas of the Mortuary
 94530 | Zot:2    | Got Sif Muna's Discursus on the Syncline
 94916 | Zot:3    | Reached skill level 10 in Armour
 95236 | Zot:4    | Noticed an orb of fire
 95246 | Zot:4    | Killed an orb of fire
 95392 | Zot:4    | Reached skill level 10 in Transmutations
 95921 | Zot:4    | Learned a level 6 spell: Iron Shot
 96075 | Hell     | Entered the Vestibule of Hell
 96075 | Hell     | Noticed Geryon
 96081 | Hell     | Killed Geryon
 96089 | Hell     | Reached skill level 1 in Earth Magic
 96801 | Hell     | Reached skill level 10 in Necromancy
 96942 | Hell     | Learned a level 2 spell: Blink
 97294 | Snake:3  | Bought a potion of magic for 120 gold pieces
 97294 | Snake:3  | Bought a potion of brilliance for 60 gold pieces
 97294 | Snake:3  | Bought a potion of mutation for 120 gold pieces
 97587 | Elf:2    | Bought a potion of resistance for 160 gold pieces
 97892 | Hell     | Found a gateway to the decaying netherworld of Tartarus.
 97996 | Hell     | Found a gateway to the ashen valley of Gehenna.
 98077 | Hell     | Found a gateway to the Iron City of Dis.
 98191 | Hell     | Found a gateway to the freezing wastes of Cocytus.
 98418 | Pan      | Entered Pandemonium
 98484 | Pan      | Reached XP level 27. HP: 231/231 MP: 44/54
 98536 | Pan      | Learned a level 2 spell: Wereblood
 98619 | Pan      | Learned a level 4 spell: Passage of Golubria
 98649 | Pan      | Found an exit through the horrors of the Abyss.
 99075 | Pan      | Noticed Ekuliac the pandemonium lord
 99106 | Pan      | Killed Ekuliac the pandemonium lord
 99225 | Pan      | Learned a level 7 spell: Summon Hydra
 99337 | Pan      | Gained mutation: You have a pair of small antennae on your
                  | head. [a cacodemon]
 99354 | Pan      | Lost mutation: You have a considerably increased reservoir
                  | of magic. (+20% MP) [potion of mutation]
 99354 | Pan      | Lost mutation: Your mind is acute. (Int +4, Str/Dex -1)
                  | [potion of mutation]
 99354 | Pan      | Lost mutation: You have a pair of small antennae on your
                  | head. [potion of mutation]
 99355 | Pan      | Lost mutation: You are weak. (Str -2) [potion of mutation]
 99355 | Pan      | Lost mutation: Your spells are a little harder to cast, but
                  | a little more powerful. [potion of mutation]
 99355 | Pan      | Gained mutation: You occasionally shout uncontrollably at
                  | your foes. [potion of mutation]
 99355 | Pan      | Gained mutation: Your spells are a little harder to cast,
                  | but a little more powerful. [potion of mutation]
 99356 | Pan      | Lost mutation: Your spells are a little harder to cast, but
                  | a little more powerful. [potion of mutation]
 99356 | Pan      | Lost mutation: You occasionally shout uncontrollably at
                  | your foes. [potion of mutation]
 99356 | Pan      | Gained mutation: Armour fits poorly on your strangely
                  | shaped body. [potion of mutation]
 99356 | Pan      | Lost mutation: Armour fits poorly on your strangely shaped
                  | body. [potion of mutation]
 99356 | Pan      | Gained mutation: You have a pair of small antennae on your
                  | head. [potion of mutation]
 99357 | Pan      | Lost mutation: You have a pair of small antennae on your
                  | head. [potion of mutation]
 99357 | Pan      | Gained mutation: You are weak. (Str -2) [potion of
                  | mutation]
 99357 | Pan      | Gained mutation: You are partially covered in iridescent
                  | scales. (AC +2) [potion of mutation]
 99449 | Pan      | Found an exit through the horrors of the Abyss.
 99937 | Pan      | Noticed Koasawat the pandemonium lord
 99951 | Pan      | Killed Koasawat the pandemonium lord
100676 | Pan      | Gained mutation: You are vulnerable to heat. (rF-) [a
                  | neqoxec]
100678 | Pan      | Gained mutation: You are vulnerable to cold. (rC-) [a
                  | neqoxec]
100700 | Pan      | Lost mutation: You are partially covered in iridescent
                  | scales. (AC +2) [potion of mutation]
100700 | Pan      | Lost mutation: You are vulnerable to heat. (rF-) [potion of
                  | mutation]
100700 | Pan      | Lost mutation: You are weak. (Str -2) [potion of mutation]
100700 | Pan      | Gained mutation: You occasionally lose the ability to read
                  | scrolls when taking damage. [potion of mutation]
100701 | Pan      | Lost mutation: You occasionally lose the ability to read
                  | scrolls when taking damage. [potion of mutation]
100701 | Pan      | Lost mutation: You are vulnerable to cold. (rC-) [potion of
                  | mutation]
100701 | Pan      | Gained mutation: You sometimes lose your temper in combat.
                  | [potion of mutation]
100701 | Pan      | Gained mutation: You are dopey. (Int -2) [potion of
                  | mutation]
100701 | Pan      | Gained mutation: You are agile. (Dex +4, Str/Int -1)
                  | [potion of mutation]
100702 | Pan      | Lost mutation: You are dopey. (Int -2) [potion of mutation]
100702 | Pan      | Lost mutation: You sometimes lose your temper in combat.
                  | [potion of mutation]
100702 | Pan      | Lost mutation: You are agile. (Dex +4, Str/Int -1) [potion
                  | of mutation]
100702 | Pan      | Gained mutation: Your movements are slightly less
                  | encumbered by armour. (ER -2) [potion of mutation]
100702 | Pan      | Gained mutation: You are somewhat resistant to further
                  | mutation. [potion of mutation]
100911 | Pan      | Entered the realm of Lom Lobon.
101573 | Pan      | Noticed Lom Lobon
101601 | Pan      | Killed Lom Lobon
101757 | Pan      | Got a magical rune of Zot
101829 | Pan      | Learned a level 8 spell: Necromutation
102177 | Pan      | Noticed Esupin the pandemonium lord
102188 | Pan      | Killed Esupin the pandemonium lord
102375 | Pan      | Noticed Gymexi the pandemonium lord
102445 | Pan      | Killed Gymexi the pandemonium lord
102950 | Pan      | Got a demonic rune of Zot
103931 | Pan      | Identified the +8 dagger "Embalmer" {freeze, Dex+6 Stlth-}
103954 | Pan      | Noticed Xoekh the pandemonium lord
103960 | Abyss:4  | Cast into level 4 of the Abyss (Xoekh)
104180 | Pan      | Escaped the Abyss
104199 | Pan      | Killed Xoekh the pandemonium lord
104376 | Pan      | Noticed Ihomeh the pandemonium lord
104423 | Pan      | Killed Ihomeh the pandemonium lord
104510 | Depths:2 | Escaped Pandemonium
104784 | Elf:2    | Bought a scroll of amnesia for 76 gold pieces
105121 | D:3      | Bought a scroll of amnesia for 44 gold pieces
105121 | D:3      | Bought 2 scrolls of amnesia for 88 gold pieces
105130 | D:3      | Learned a level 4 spell: Manifold Assault
105139 | D:3      | Learned a level 8 spell: Infestation
105422 | Snake:3  | Bought a potion of ambrosia for 120 gold pieces
105887 | Depths:4 | Bought 2 potions of ambrosia for 256 gold pieces
105887 | Depths:4 | Bought a potion of resistance for 160 gold pieces
105887 | Depths:4 | Bought a potion of invisibility for 128 gold pieces
105887 | Depths:4 | Bought a potion of cancellation for 128 gold pieces
105948 | Pan      | Entered Pandemonium
106058 | Pan      | Gained mutation: Your body sometimes deteriorates upon
                  | taking damage. [a neqoxec]
106073 | Pan      | Lost mutation: Your movements are slightly less encumbered
                  | by armour. (ER -2) [potion of mutation]
106073 | Pan      | Lost mutation: You are somewhat resistant to further
                  | mutation. [potion of mutation]
106073 | Pan      | Lost mutation: Your body sometimes deteriorates upon taking
                  | damage. [potion of mutation]
106073 | Pan      | Gained mutation: You have a somewhat thin skeletal
                  | structure. (Dex +2, Stealth+) [potion of mutation]
106196 | Pan      | Noticed Boackorch the pandemonium lord
106204 | Pan      | Killed Boackorch the pandemonium lord
106342 | Pan      | Entered the realm of Gloorx Vloq.
106576 | Pan      | Noticed Gloorx Vloq
106584 | Pan      | Killed Gloorx Vloq
106624 | Pan      | Got a dark rune of Zot
106688 | Pan      | Reached skill level 5 in Earth Magic
106799 | Pan      | Noticed Rehic the pandemonium lord
106943 | Pan      | Killed Rehic the pandemonium lord
107001 | Pan      | Found an exit through the horrors of the Abyss.
107062 | Pan      | Noticed Mofauci the pandemonium lord
107069 | Pan      | Killed Mofauci the pandemonium lord
107170 | Pan      | Reached skill level 5 in Throwing
107201 | Depths:3 | Escaped Pandemonium
107268 | Pan      | Entered Pandemonium
107487 | Pan      | Noticed Bara the pandemonium lord
107509 | Pan      | Killed Bara the pandemonium lord
107581 | Pan      | Found an exit through the horrors of the Abyss.
107590 | Pan      | Paralysed by you for 4 turns
107657 | Pan      | Entered the realm of Mnoleg.
107738 | Pan      | Noticed Mnoleg
107764 | Pan      | Killed Mnoleg
107781 | Pan      | Got a glowing rune of Zot
107886 | Pan      | Reached skill level 15 in Transmutations
107896 | Pan      | Entered the realm of Cerebov.
108084 | Pan      | Found the +6 sword of Cerebov {flame}
108084 | Pan      | Noticed Cerebov
108099 | Pan      | Killed Cerebov
108100 | Pan      | Reached skill level 15 in Long Blades
108167 | Pan      | Identified the staff of earth "Vooxtuul" {+Blink Will-
                  | Str+5}
108190 | Pan      | Identified the +1 broad axe of Vanity {antimagic, Int+3}
108207 | Pan      | Identified the ring "Pulanih" {EV+5 Dex+3}
108211 | Pan      | Identified the amulet "Cune" {Acrobat Str+3}
108233 | Pan      | Identified the +8 mace "Xicheif" {venom, rCorr Str+4}
108234 | Pan      | Identified the staff of fire "Ugarch" {rF+ rC+ Int+5 Dex+3}
108266 | Pan      | Got a fiery rune of Zot
108304 | Pan      | Found an exit through the horrors of the Abyss.
108447 | Pan      | Reached skill level 15 in Necromancy
108690 | Pan      | Noticed Xosataz the pandemonium lord
108699 | Pan      | Killed Xosataz the pandemonium lord
108844 | Pan      | Found an exit through the horrors of the Abyss.
108868 | Pan      | Noticed Qoanipn the pandemonium lord
108880 | Pan      | Killed Qoanipn the pandemonium lord
109148 | Pan      | Found an exit through the horrors of the Abyss.
109308 | Pan      | Identified the +9 hand axe of the Depths {elec, Fly Will+}
109866 | Pan      | Noticed Wyarhuf the pandemonium lord
109876 | Pan      | Killed Wyarhuf the pandemonium lord
109966 | Pan      | Found an exit through the horrors of the Abyss.
110708 | Pan      | Noticed Pugramnuo the pandemonium lord
110721 | Pan      | Killed Pugramnuo the pandemonium lord
110809 | Depths:3 | Escaped Pandemonium
110861 | Coc:1    | Entered Level 1 of Cocytus
110885 | Coc:1    | HP: 11/238 [stone giant simulacrum (5)]
110901 | Coc:1    | Paralysed by a wendigo for 1 turns
111857 | Coc:3    | You are sucked into a shaft and drop 1 floor!
112159 | Coc:5    | Killed from afar by a shard shrike

Illustrated notes

Levels and vault maps discovered:
D:1:      saegor_arrival_simple_e, layout_basic
D:2:      layout_basic, uniq_crazy_yiuf_cottage
D:3:      layout_basic, grunt_qazlal_clouds, okawaru_ov_weapons_minmay,
          serial_shops, shop, minivault_24, palyth_stone_intersect
D:4:      layout_basic, grunt_temple_overflow_lords_of_destruction,
          lemuel_crystal_altar, lightli_temple_of_fire, xom_butterflies,
          solitary_fountain
D:5:      layout_rooms, minmay_misc_feat_tower, roderic_roman_lattice,
          uniq_sigmund, uniq_grinder
D:6:      layout_basic, serial_shops, shop, hangedman_decor_opposing,
          nicolae_lava_and_water, uniq_maggie
D:7:      minmay_spotlight, layout_basic, minmay_temple_entry_waves
D:8:      layout_basic, mainiacjoe_overflow_surrounded_room, grunt_ministairs_6,
          minivault_10, st_stairs_12, minmay_hedge_maze, minmay_small_thing
D:9:      layout_loops_cross, nicolae_overflow_crystal_walls, enter_bailey_3,
          uniq_gastronok
D:10:     layout_rooms, minitemple, grunt_dithmenos_smoke, lair_entry_dummy
D:11:     layout_cave_pools, minmay_lizard_king
D:12:     layout_big_octagon, erik_orc_1, serial_shops, shop,
          grunt_ministairs_4, uniq_josephine
D:13:     layout_irregular_city, nicolae_trove_entry_path_of_doom, uniq_rupert,
          uniq_maurice, uniq_lodul
D:14:     layout_long_grid, david_vaults_5,
          nicolae_concentric_dashed_squares_wild, uniq_louise, uniq_nessos
D:15:     grunt_enter_depths_hoard, layout_cave_pools, minivault_24
Lair:1:   layout_roguey, uniq_prince_ribbit2
Lair:2:   layout_gridlike, nicolae_snake_entry_squirm, grunt_megastairs_3,
          serial_bayou_shore_b, infiniplex_staircase_pool
Lair:3:   layout_chaotic_city, elwin_shoals_entry_rooms, gauntlet_entry_generic,
          enter_volcano_2, chequers_serial_rivers_small_3, nicolae_lair_lil_pond
Lair:4:   layout_misc_corridors, slime_entry_1, disabler_island,
          grunt_megastairs_5, lemuel_fruit_tree
Lair:5:   minmay_lair_end_frog_pond, layout_misc_corridors, uniq_kirke
Shoals:1: layout_shoals, nicolae_shoals_nymph_descending_staircase
Shoals:2: layout_shoals
Shoals:3: layout_shoals, uniq_ilsuiw, uniq_polyphemus, uniq_donald
Shoals:4: shoals_end_grunt_ice, layout_shoals
Snake:1:  layout_misc_corridors, nicolae_snake_herptile_family_reunion,
          uniq_roxanne, uniq_azrael
Snake:2:  layout_gridlike, serial_bayou_shore_b
Snake:3:  layout_misc_corridors, serial_shops, shop, serial_bayou_shore_a
Snake:4:  grunt_snake_rune_serpentine_throne, layout_rooms,
          nicolae_snake_gridmaze_squiggle, uniq_vashnia, uniq_bai_suzhen
Slime:1:  layout_caves, nicolae_slime_getting_an_eyeful
Slime:2:  layout_caves, nicolae_slime_barrier
Slime:3:  layout_caves
Slime:4:  layout_caves
Slime:5
Orc:1:    layout_diamond_mine
Orc:2:    st_orc_rangers, layout_caves, roderic_batcave
Elf:1:    elf_arrival_002, layout_gridlike,
          portal_ice_cave_entry_ice_statue_two, mu_enter_wizlab_2, minivault_28,
          fountainhead
Elf:2:    elven_hall_of_blades_hangedman_original [nicolae_blade_little_rooms],
          layout_loops_cross, minmay_shop_star
Elf:3:    minmay_elf_hall_furrowed, layout_loops_cross, serial_shops,
          nicolae_shop_rolled_up, ebering_ghost_reflecting_pool
Vaults:1: hangedman_vaults_pinch, nicolae_vaults_closet_pinwheel_1,
          vaults_room_door_ring, nicolae_vaults_tetromino_L_1,
          hangedman_vaults_slither, st_diamondy, vaults_room_corners,
          dpeg_vaults_monster_box, ontoclasm_vaults_eye,
          ontoclasm_vaults_decontamination, nicolae_vaults_tangram_1,
          layout_vaults_omnibox
Vaults:2: st_lattice, nicolae_vaults_three_branches, hangedman_vaults_hat,
          nicolae_vaults_lightning_bolt, ontoclasm_vaults_ligature,
          vaults_room_corners, layout_vaults_omnigrid
Vaults:3: nicolae_vaults_trapezoid_1, nicolae_vaults_swerve, v_misc_18,
          nicolae_vaults_tangram_1, minmay_crypt_entry_nasty_monster,
          hangedman_vaults_maws, vaults_standard_mumra_enter_the_diamond,
          v_rooms_1, nicolae_vaults_mini_display_case, vaults_room_door_hall,
          v_misc_15, nicolae_vaults_diamond_2, nicolae_vaults_tetromino_Z_1,
          layout_vaults_omnicross, uniq_margery
Vaults:4: portal_desolation_entry_nicolae_slug, ontoclasm_vaults_ring_small,
          nicolae_vaults_quadrants, nicolae_vaults_more_shelving_1,
          nicolae_vaults_oval_intersection, nicolae_vaults_little_squares_4,
          nicolae_vaults_heist, nicolae_vaults_little_squares_2,
          nicolae_vaults_tetromino_L_2, vaults_room_pool,
          nicolae_vaults_spaceships, ontoclasm_vaults_misaligned, v_misc_8,
          v_misc_4, layout_vaults_maze_bifur
Vaults:5: serial_shops
Crypt:1:  layout_misc_corridors, uniq_josephina
Crypt:2:  layout_misc_corridors, st_small_mortuary
Crypt:3:  church_of_pain_bobbens, layout_chaotic_city,
          nicolae_tomb_entry_unfolded_pyramid_orthogonal
Depths:1: layout_cave_pools, abyss_entry, dk_noncrumbling_2, lightli_too_deep,
          chequers_serial_rivers_micro_b, minivault_12, minmay_shop_grove
Depths:2: impenetrable_vault, layout_honeycomb, pan_entry,
          nemelex_diamond_rough_becter, hell_entry, minmay_misc_feat_x,
          hangedman_stitches_earthworm
Depths:3: grunt_profane_halls [grunt_profane_temple_tar,
          grunt_profane_temple_coc, grunt_profane_temple_geh,
          grunt_profane_temple_dis, grunt_profane_loot], serial_shops,
          pan_entry, hell_entry, abyss_entry
Depths:4: grunt_zot_entry_funnels, layout_honeycomb, serial_shops,
          nicolae_shop_hallway_stairs, hellmouth_1, minmay_misc_feat_chi,
          nzn_wu_jian_council_hall
Hell
Coc:1:    nicolae_coc_caina, layout_ice_bergs
Coc:2:    nicolae_hells_giants_party, layout_cocytus_water_paths
Coc:3:    layout_cocytus_water_paths
Coc:4:    layout_cocytus_delve
Coc:5:    nicolae_coc_bergin, layout_ice_bergs
Zot:1:    nicolae_zot_stationary_front, layout_cathedral_of_symmetry
Zot:2:    lemuel_draconian_sentries_small, layout_basic, lemuel_lich_library,
          uniq_tiamat
Zot:3:    layout_gridlike
Zot:4:    lemuel_firehouse, layout_onion

Skill      XL: |  1  2  3  4  5  6  7  8  9 10 11 12 13 14 15 16 17 18 19 20 21 22 23 24 25 26 27 |
---------------+----------------------------------------------------------------------------------+-----
Spellcasting   | 2 3 4 5 6 7 8 9 10 11 12 13 14 16 19 | 19.0
Fighting       | 1 2 3 4 5 6 8 9 10 12 14 15 16 18 | 18.0
Summonings     | 3 4 5 6 7 8 9 11 12 14 17 18 20 22 23 | 23.2
Ice Magic      | 1 2 3 4 5 6 |  6.0
Dodging        | 2 4 6 9 11 12 | 12.0
Air Magic      | 1 3 5 6 7 8 |  8.0
Hexes          | 1 2 3 4 5 7 8 9 |  9.0
Armour         | 1 3 4 5 6 7 8 9 10 13 | 13.8
Conjurations   | 2 4 5 7 8 10 12 13 14 15 16 | 16.0
Stealth        | 3 4 5 6 7 8 |  8.0
Transmutations | 3 4 5 7 8 9 10 16 | 16.0
Fire Magic     | 3 5 |  5.0
Poison Magic   | 3 5 6 7 |  7.0
Shields        | 4 7 9 10 11 15 16 | 16.0
Long Blades    | 5 6 9 12 13 16 | 16.0
Necromancy     | 5 7 10 15 | 15.8
Translocations | 3 9 |  9.0
Earth Magic    | 4 9 |  9.1
Throwing       | 6 |  6.0
Evocations     | |  1.0

Action                     |  1- 3 |  4- 6 |  7- 9 | 10-12 | 13-15 | 16-18 | 19-21 | 22-24 | 25-27 || total
---------------------------+-------+-------+-------+-------+-------+-------+-------+-------+-------++-------
  Melee: Dagger            |    54 |       |       |       |       |       |       |       |       ||    54
         Whip              |    22 |    86 |    84 |    23 |       |       |       |       |       ||   215
         War axe           |       |       |       |    63 |    42 |       |       |       |       ||   105
         Trident           |       |       |       |     2 |       |       |       |       |       ||     2
         Punch             |       |       |       |     2 |       |       |       |       |       ||     2
         Quarterstaff      |       |       |       |       |    99 |    24 |       |       |       ||   123
         Double sword      |       |       |       |       |       |   125 |    98 |   200 |   759 ||  1182
         Staff             |       |       |       |       |       |       |       |     6 |     7 ||    13
         Falchion          |       |       |       |       |       |       |       |     1 |    28 ||    29
   Fire: Sling             |     2 |       |       |       |       |       |       |       |       ||     2
  Throw: Boomerang         |     1 |     2 |       |       |       |       |       |       |       ||     3
         Dart              |       |       |     1 |       |       |       |       |       |       ||     1
         Throwing net      |       |       |       |       |       |       |       |       |     2 ||     2
   Cast: Summon Small Mamm |    35 |    15 |     9 |       |       |       |       |       |       ||    59
         Call Canine Famil |     6 |    24 |    37 |    36 |    63 |    58 |       |       |       ||   224
         Freeze            |       |     3 |    16 |       |       |       |       |       |       ||    19
         Ozocubu's Armour  |       |     1 |    14 |    23 |    28 |    47 |     7 |    24 |    49 ||   193
         Summon Lightning  |       |       |    13 |    48 |    70 |   107 |    24 |    51 |    12 ||   325
         Summon Guardian G |       |       |    11 |    10 |       |       |       |       |       ||    21
         Poisonous Vapours |       |       |       |    86 |   211 |   230 |   216 |   196 |    86 ||  1025
         Arcjolt           |       |       |       |    12 |    35 |    57 |     1 |    54 |    26 ||   185
         Ignite Poison     |       |       |       |    37 |   194 |   187 |   198 |   133 |    55 ||   804
         Olgreb's Toxic Ra |       |       |       |     6 |    52 |    29 |    52 |    17 |       ||   156
         Yara's Violent Un |       |       |       |       |     2 |    32 |    12 |    34 |    49 ||   129
         Fulminant Prism   |       |       |       |       |     6 |    55 |     6 |     5 |       ||    72
         Orb of Destructio |       |       |       |       |       |    54 |    64 |   185 |    31 ||   334
         Cause Fear        |       |       |       |       |       |     1 |       |       |       ||     1
         Spellforged Servi |       |       |       |       |       |       |    43 |   112 |   145 ||   300
         Summon Hydra      |       |       |       |       |       |       |       |   103 |    74 ||   177
         Sublimation of Bl |       |       |       |       |       |       |       |    85 |   386 ||   471
         Malign Gateway    |       |       |       |       |       |       |       |    13 |    13 ||    26
         Dragon's Call     |       |       |       |       |       |       |       |       |   100 ||   100
         Death Channel     |       |       |       |       |       |       |       |       |    82 ||    82
         Iron Shot         |       |       |       |       |       |       |       |       |   102 ||   102
         Necromutation     |       |       |       |       |       |       |       |       |    97 ||    97
         Manifold Assault  |       |       |       |       |       |       |       |       |    76 ||    76
         Infestation       |       |       |       |       |       |       |       |       |    39 ||    39
         Passage of Golubr |       |       |       |       |       |       |       |       |     6 ||     6
         Wereblood         |       |       |       |       |       |       |       |       |     1 ||     1
Ability: End Transformatio |       |       |       |       |       |       |       |       |    65 ||    65
  Evoke: Wand              |       |       |       |     1 |       |       |       |     1 |     5 ||     7
         Phial of floods   |       |       |       |       |       |     1 |       |       |       ||     1
         Horn of Geryon    |       |       |       |       |       |       |       |       |     1 ||     1
    Use: Scroll            |       |     3 |     5 |    12 |    13 |    21 |     7 |    10 |    47 ||   118
         Potion            |       |       |     6 |     1 |     3 |    18 |     1 |    11 |    48 ||    88
   Stab: Distracted        |     2 |     1 |     1 |     1 |     3 |     4 |     2 |     4 |    24 ||    42
         Sleeping          |     1 |     1 |       |       |       |       |       |       |       ||     2
 Armour: Robe              |    18 |    15 |    19 |       |       |    86 |       |       |       ||   138
         Steam dragon scal |       |       |    19 |    31 |       |       |       |       |       ||    50
         Ring mail         |       |       |       |    15 |       |       |       |       |       ||    15
         Scale mail        |       |       |       |    12 |   192 |    29 |       |       |       ||   233
         Troll leather arm |       |       |       |       |       |     3 |    66 |   106 |   467 ||   642
  Dodge: Dodged            |    67 |    58 |    58 |    91 |   235 |   319 |   127 |   222 |   511 ||  1688
  Block: Other             |       |    17 |    26 |    40 |    93 |    34 |       |       |       ||   210
         Reflection        |       |       |     2 |     5 |    15 |    42 |    85 |    53 |    39 ||   241
         Kite shield       |       |       |       |       |       |   305 |   284 |   544 |  1189 ||  2322
